 Dungeon Crawl Stone Soup version 0.18.1-48-g4cf74bf (webtiles) character file.

110558 hairmachine the Bludgeoner (level 16, -6/150 HPs)
             Began as a Minotaur Gladiator on July 16, 2016.
             Was the Champion of Trog.
             Mangled by the 26-headed Lernaean hydra (7 damage)
             ... on level 3 of the Swamp.
             The game lasted 01:55:59 (34933 turns).

hairmachine the Bludgeoner (Minotaur Gladiator)    Turns: 34933, Time: 01:55:59

Health: -6/150     AC: 22    Str: 24    XL:     16   Next: 7%
Magic:  7/7        EV: 17    Int:  5    God:    Trog [******]
Gold:   1863       SH: 19    Dex: 14    Spells: 0 memorised, 15 levels left

rFire  + . .     SeeInvis .     D - +7 morningstar (antimagic)
rCold  . . .     Gourm    .     X - +0 swamp dragon armour
rNeg   . . .     Faith    .     U - +2 shield
rPois  +         Spirit   .     c - +0 hat
rElec  .         Dismiss  .     J - +0 cloak
rCorr  .         Reflect  +     p - +1 pair of gloves
SustAt .         Harm     .     H - +1 pair of boots
MR     +....                    C - +3 amulet of reflection
Stlth  +.........               Z - ring of fire
                                B - +4 ring of protection

@: about to teleport, somewhat resistant to hostile enchantments, very
unstealthy
A: retaliatory headbutt, horns 2, cold resistance 1
a: Berserk, Trog's Hand, Brothers in Arms, Burn Spellbooks, Renounce Religion


You were on level 3 of the Swamp.
You worshipped Trog.
Trog was exalted by your worship.
You were very hungry.

You visited 5 branches of the dungeon, and saw 27 of its levels.
You also visited: Bailey.

You collected 2649 gold pieces.
You spent 786 gold pieces at shops.

Inventory:

Hand Weapons
 D - a +7 antimagic morningstar (weapon)
Missiles
 o - 6 throwing nets (quivered)
 w - 3 javelins of returning
Armour
 c - a +0 hat (worn)
 j - a +0 ice dragon armour
 p - a +1 pair of gloves (worn)
 H - a +1 pair of boots (worn)
 J - a +0 cloak (worn)
 U - a +2 shield (worn)
 X - a +0 swamp dragon armour (worn)
Jewellery
 A - an uncursed ring of see invisible
 B - a +4 ring of protection (left hand)
 C - a +3 amulet of reflection (around neck)
 Z - a ring of fire (right hand)
Wands
 s - a wand of lightning (7/15)
 F - a wand of disintegration (16/24)
 P - a wand of teleportation (4/9)
 Q - a wand of teleportation (9/9)
 R - a wand of iceblast (6/15)
Scrolls
 e - 4 scrolls of teleportation
 h - 2 scrolls of fog
 r - 5 scrolls of remove curse
 v - a scroll of blinking
 y - 4 scrolls of enchant armour
 z - 2 scrolls of identify
 N - 5 scrolls of fear
Potions
 a - a potion of magic
 b - 5 potions of lignification
 d - 2 potions of ambrosia
 i - a potion of might
 k - 4 potions of resistance
 n - 9 potions of curing
 q - 4 potions of haste
 u - a potion of invisibility
 x - a potion of heal wounds
 I - 3 potions of brilliance
 K - a potion of flight
 O - 2 potions of cancellation {unknown}
 T - a potion of agility {unknown}
 W - a potion of cure mutation
Books
 V - Jifufatz's Early Guide to Hermeneutics
   (You found it on level 6 of the Lair of Beasts)

   Spells                             Type                      Level
   a - Dazzling Spray                 Conjuration/Hexes            3
   b - Confuse                        Hexes                        3
   c - Summon Guardian Golem          Hexes/Summoning              3
   d - Vampiric Draining              Necromancy                   3
   e - Call Canine Familiar           Summoning                    3
   Trog disapproves of the use of such an item.
 Y - a book of Party Tricks

   Spells                             Type                      Level
   a - Summon Butterflies             Summoning                    1
   b - Apportation                    Translocation                1
   c - Tukima's Dance                 Hexes                        3
   d - Alistair's Intoxication        Transmutation/Poison         5
   e - Invisibility                   Hexes                        6
   Trog disapproves of the use of such an item.
Miscellaneous
 t - a sack of spiders
 G - a phantom mirror
Comestibles
 f - 7 bread rations
 g - 48 fruits
 l - 15 meat rations
 m - 3 beef jerkies
 L - 5 slices of pizza


   Skills:
 + Level 15.6 Fighting
 - Level 17.0 Maces & Flails
 - Level 2.0 Throwing
 - Level 13.7 Armour
 - Level 10.0 Dodging
 - Level 15.4 Shields
 - Level 8.0 Evocations


You had 15 spell levels left.
You didn't know any spells.

Dungeon Overview and Level Annotations

Branches:
Dungeon (12/15)            Temple (1/1) D:7            Lair (8/8) D:8
  Swamp (4/4) Lair:4       Spider (0/4) Lair:4        Slime (0/6) Lair:7
    Orc (2/2) D:10            Elf (0/3) Orc:2

Altars:
Ashenzari
Cheibriados
Dithmenos
Elyvilon
Fedhas
Gozag
Kikubaaqudgha
Makhleb
Nemelex Xobeh
Okawaru
Pakellas
Qazlal
Ru
Sif Muna
Trog
Vehumet
Xom
Yredelemnul
Zin
The Shining One
Beogh

Shops:
D:5 [   Orc:2 }([!

Annotations:
Swamp:3 Lernaean hydra


Innate Abilities, Weirdness & Mutations

You reflexively headbutt those who attack you in melee.
You have a pair of horns on your head.
Your flesh is cold resistant.


Message History

The 26-headed Lernaean hydra barely misses you. x2
The 26-headed Lernaean hydra bites you but does no damage. x2
You block the 26-headed Lernaean hydra's attack.
The 26-headed Lernaean hydra bites you but does no damage.
The 26-headed Lernaean hydra bites you.
* * * LOW HITPOINT WARNING * * *
You block the 26-headed Lernaean hydra's attack.
The 26-headed Lernaean hydra completely misses you.
The 26-headed Lernaean hydra bites you.
* * * LOW HITPOINT WARNING * * *
The 26-headed Lernaean hydra completely misses you.
The 26-headed Lernaean hydra bites you!
* * * LOW HITPOINT WARNING * * *
The 26-headed Lernaean hydra misses you.
The 26-headed Lernaean hydra bites you.
* * * LOW HITPOINT WARNING * * *
The 26-headed Lernaean hydra bites you.
* * * LOW HITPOINT WARNING * * *
The 26-headed Lernaean hydra bites you!
You die...

≈≈..≈..≈≈.≈♣≈.≈≈§.≈≈.♣
♣♣.
♣♣≈.§.≈≈≈.≈≈.≈≈≈≈.≈♣≈♣
♣..
♣♣.≈.≈≈≈...≈...≈≈.≈..♣
♣..
♣♣≈..♣≈§♣≈≈≈≈....≈.♣♣
♣♣≈.
♣≈≈..≈.♣≈≈...≈.≈≈.♣
♣..≈
♣≈≈≈≈≈.....≈≈≈.♣≈.♣
♣.≈♣
♣♣≈≈≈≈≈.♣♣.≈.≈≈≈≈.♣
♣.≈♣
♣..♣≈≈.♣♣♣.♣.D≈≈.♣
♣♣≈≈≈ ♣♣..♣≈.♣
♣♣♣.@≈≈.♣ ♣≈.≈.
♣♣.≈≈.♣ ♣♣≈≈≈.♣ ♣♣≈≈..
♣....♣ ♣≈.≈.♣ ♣≈.≈.♣
♣♣.≈.♣ ♣♣...♣ ♣♣≈≈.♣♣
♣♣.≈♣ ♣♣..♣ ♣.≈♣♣♣
♣♣♣♣ ♣♣♣♣ ♣♣♣♣


You could see the 26-headed Lernaean hydra.

Vanquished Creatures
  2 thorn hunters
  The ghost of Rationalist the Peltast, a journeyman FoFi of Qazlal (Lair:5)
  Josephine (Lair:5)
  The ghost of urioxis the Basher, a journeyman MiBe of Trog (Lair:1)
  Harold (Lair:3)
  Fannar (Lair:2)
  14 hydras
  8 death yaks (Lair:8)
  4 alligators
  Urug (Lair:3)
  4 orc high priests
  8 swamp dragons
  3 shambling mangroves
  An unseen horror (D:10)
  3 hill giants
  5 orc knights (Orc:2)
  2 griffons
  A wolf spider (Lair:4)
  8 orc sorcerers
  2 cyclopes
  5 ugly things
  Maurice (Orc:1)
  6 black mambas
  8 elephants
  A centaur zombie (D:11)
  A torpor snail (Lair:5)
  14 spiny frogs
  A centaur skeleton (D:12)
  9 komodo dragons
  A kobold demonologist (D:12)
  3 rime drakes
  A freezing wraith (D:12)
  2 spriggan druids
  10 polar bears
  3 trolls
  2 jumping spiders (Lair:4)
  3 bog bodies
  30 blink frogs
  3 giant leeches
  A two-headed ogre (Orc:2)
  9 slime creatures
  3 shadows
  Sigmund (D:6)
  11 spriggans
  5 redbacks
  4 wraiths (Lair:5)
  Eustachio (D:6)
  3 wyverns
  64 yaks
  3 basilisks
  A hungry ghost (D:12)
  8 vampire mosquitoes
  5 hippogriffs
  12 insubstantial wisps (Swamp:1)
  14 swamp worms
  A warg (Orc:2)
  22 water moccasins
  14 porcupines
  12 swamp drakes
  10 wasps
  8 black bears
  4 ice beasts
  20 orc warriors
  3 sky beasts
  A necrophage (D:9)
  An eye of draining (D:12)
  28 wolves
  6 ogres
  A centaur (D:6)
  18 crocodiles
  15 giant frogs
  6 big kobolds
  8 gnoll sergeants (Bailey)
  A water moccasin zombie (D:11)
  5 scorpions
  11 killer bees
  A vampire bat (Lair:4)
  6 howler monkeys
  4 crimson imps
  10 hounds
  A quasit (D:6)
  3 giant frog zombies
  3 jellies
  16 orc wizards
  3 giant frog skeletons
  7 gnoll shamans
  20 orc priests
  Natasha (thrice) (D:4)
  16 iguanas
  9 worker ants
  29 sheep
  A worker ant zombie (D:5)
  37 gnolls
  93 river rats
  16 adders
  2 shadow imps
  2 adder skeletons
  5 worms
  9 giant geckos
  97 orcs
  A ball python (D:3)
  17 bats
  6 giant cockroaches
  6 hobgoblins
  23 jackals
  12 kobolds
  2 quokkas
  A giant gecko skeleton (D:6)
  8 giant newts
  9 goblins
  A jackal skeleton (D:4)
  16 rats
  A briar patch (Swamp:3)
1011 creatures vanquished.

Vanquished Creatures (collateral kills)
  Aizul (Swamp:2)
  A swamp dragon (Swamp:2)
2 creatures vanquished.

Vanquished Creatures (others)
  A cyclops (D:12)
  A spriggan (Swamp:3)
  A wasp (Swamp:3)
  A centaur (D:5)
  2 orc wizards
  7 orcs
  A kobold (D:12)
  3 briar patches (Swamp:3)
  13 fungi
  2 plants (Lair:8)
32 creatures vanquished.

Grand Total: 1045 creatures vanquished

Notes
Turn   | Place    | Note
--------------------------------------------------------------
     0 | D:1      | hairmachine the Minotaur Gladiator began the quest for the Orb.
     0 | D:1      | Reached XP level 1. HP: 18/18 MP: 0/0
   120 | D:1      | Reached skill level 4 in Maces & Flails
   284 | D:1      | Reached XP level 2. HP: 25/25 MP: 1/1
   620 | D:1      | Reached skill level 5 in Maces & Flails
   891 | D:2      | Reached XP level 3. HP: 30/30 MP: 2/2
  1343 | D:2      | Reached skill level 6 in Maces & Flails
  1343 | D:2      | Reached XP level 4. HP: 37/37 MP: 3/3
  2053 | D:3      | Reached XP level 5. HP: 40/42 MP: 4/4
  2112 | D:3      | Reached skill level 7 in Maces & Flails
  2985 | D:3      | Reached skill level 8 in Maces & Flails
  3110 | D:4      | Reached XP level 6. HP: 50/50 MP: 5/5
  3412 | D:4      | Noticed Natasha
  3417 | D:4      | Killed Natasha
  3417 | D:4      | Reached skill level 1 in Armour
  3552 | D:4      | Noticed Natasha
  3560 | D:4      | Killed Natasha
  3560 | D:4      | Reached skill level 1 in Shields
  3649 | D:4      | Noticed Natasha
  3658 | D:4      | Killed Natasha
  4116 | D:5      | Entered Level 5 of the Dungeon
  4152 | D:5      | Reached XP level 7. HP: 56/56 MP: 6/6
  4512 | D:5      | Reached skill level 9 in Maces & Flails
  4538 | D:5      | Found a stormy altar of Qazlal.
  5420 | D:5      | Found Buofax's Armour Shoppe.
  5423 | D:5      | Bought a +1 pair of boots for 149 gold pieces
  5594 | D:6      | Reached skill level 5 in Armour
  5594 | D:6      | Reached XP level 8. HP: 62/62 MP: 7/7
  5683 | D:6      | Noticed Sigmund
  5693 | D:6      | Killed Sigmund
  5693 | D:6      | Reached skill level 10 in Maces & Flails
  5795 | D:6      | Found a shadowy altar of Dithmenos.
  5796 | D:6      | Noticed Eustachio
  5807 | D:6      | Killed Eustachio
  6151 | D:6      | Found an ancient bone altar of Kikubaaqudgha.
  6395 | D:7      | Found a staircase to the Ecumenical Temple.
  6403 | Temple   | Entered the Ecumenical Temple
  6508 | Temple   | Became a worshipper of Trog the Wrathful
  6621 | D:7      | Reached skill level 11 in Maces & Flails
  6994 | D:7      | Reached XP level 9. HP: 68/68 MP: 8/8
  7072 | D:7      | Found an oddly glowing altar of Pakellas.
  7905 | D:8      | Reached * piety under Trog
  8039 | D:8      | Found a staircase to the Lair.
  8048 | D:8      | Reached skill level 12 in Maces & Flails
  8071 | Lair:1   | Entered Level 1 of the Lair of Beasts
  8134 | Lair:1   | Noticed a spiny frog
  8145 | Lair:1   | Killed a spiny frog
  8203 | Lair:1   | Noticed a seven-headed hydra
  8238 | Lair:1   | Killed a seven-headed hydra
  8238 | Lair:1   | Reached skill level 5 in Fighting
  8417 | Lair:1   | Reached XP level 10. HP: 75/83 MP: 9/9
  8543 | Lair:1   | Noticed urioxis's ghost (journeyman MiBe)
  8571 | Lair:1   | Killed urioxis's ghost
  8571 | Lair:1   | Reached skill level 13 in Maces & Flails
  9488 | Lair:2   | Reached skill level 14 in Maces & Flails
  9631 | Lair:2   | Reached ** piety under Trog
  9855 | Lair:2   | Noticed a spiny frog
  9864 | Lair:2   | Killed a spiny frog
  9864 | Lair:2   | Reached skill level 1 in Evocations
  9933 | Lair:2   | Noticed Fannar
  9964 | Lair:2   | Killed Fannar
  9964 | Lair:2   | Reached XP level 11. HP: 97/97 MP: 9/11
 10140 | Lair:2   | Reached skill level 15 in Maces & Flails
 10670 | Lair:2   | Reached *** piety under Trog
 11121 | Lair:3   | Noticed Urug
 11139 | Lair:3   | Killed Urug
 11142 | Lair:3   | Reached skill level 5 in Evocations
 11566 | Lair:3   | Noticed Harold
 11582 | Lair:3   | Killed Harold
 11786 | Lair:3   | Reached skill level 16 in Maces & Flails
 12161 | Lair:3   | Noticed a five-headed hydra
 12169 | Lair:3   | Killed a five-headed hydra
 12201 | Lair:3   | Reached XP level 12. HP: 94/105 MP: 15/15
 12761 | Lair:4   | Reached **** piety under Trog
 13114 | Lair:4   | Found a hole to the Spider Nest.
 13491 | Lair:4   | Found a staircase to the Swamp.
 13636 | Lair:4   | Reached skill level 17 in Maces & Flails
 13899 | Lair:4   | Reached ***** piety under Trog
 14202 | Lair:5   | Noticed Josephine
 14213 | Lair:5   | Killed Josephine
 14213 | Lair:5   | Reached skill level 10 in Fighting
 14492 | Lair:5   | Noticed Rationalist's ghost (journeyman FoFi)
 14519 | Lair:4   | Reached skill level 5 in Dodging
 14776 | Lair:5   | Reached skill level 10 in Armour
 15108 | Lair:5   | Found a runed door.
 15287 | Lair:4   | Received a gift from Trog
 15563 | Lair:5   | Killed Rationalist's ghost
 15934 | Lair:5   | Reached XP level 13. HP: 98/116 MP: 18/18
 17361 | Lair:6   | Identified Jifufatz's Early Guide to Hermeneutics
 17550 | Lair:6   | Reached skill level 5 in Shields
 18529 | Lair:7   | Received a gift from Trog
 19256 | Lair:7   | Found a staircase to the Slime Pits.
 19318 | Lair:7   | Gained mutation: Your flesh is cold resistant. [potion of beneficial mutation]
 19366 | Lair:8   | Entered Level 8 of the Lair of Beasts
 19730 | Lair:8   | Reached skill level 10 in Shields
 20047 | Lair:8   | Received a gift from Trog
 20190 | Lair:8   | Reached XP level 14. HP: 124/124 MP: 6/19
 22035 | D:8      | Reached ****** piety under Trog
 22829 | D:9      | Found a radiant altar of Vehumet.
 23029 | D:9      | Found a snail-covered altar of Cheibriados.
 23030 | D:9      | Found a sacrificial altar of Ru.
 23039 | D:9      | Found a burning altar of Makhleb.
 23089 | D:9      | Found a sparkling altar of Nemelex Xobeh.
 23089 | D:9      | Found an opulent altar of Gozag.
 23219 | D:10     | Entered Level 10 of the Dungeon
 23219 | D:10     | Found an iron altar of Okawaru.
 23242 | D:10     | Received a gift from Trog
 23242 | D:10     | Reached skill level 15 in Shields
 23536 | D:10     | Found a staircase to the Orcish Mines.
 24159 | Orc:1    | Entered Level 1 of the Orcish Mines
 24162 | Orc:1    | Noticed Maurice
 24171 | Orc:1    | Killed Maurice
 24275 | Orc:2    | Entered Level 2 of the Orcish Mines
 24283 | Orc:2    | Received a gift from Trog
 24552 | Orc:2    | Found a roughly hewn altar of Beogh.
 24554 | Orc:2    | Found a staircase to the Elven Halls.
 24753 | Orc:2    | Found Gaidiusi's Gadget Shoppe.
 25754 | Orc:2    | Found Doinwu's Weapon Shoppe.
 25986 | Orc:2    | Found Hywewoed's Distillery.
 25986 | Orc:2    | Found Puyt's Antique Armour Shop.
 26017 | Orc:2    | Bought a potion of curing for 39 gold pieces
 26017 | Orc:2    | Bought a potion of curing for 39 gold pieces
 26017 | Orc:2    | Bought a potion of heal wounds for 65 gold pieces
 26017 | Orc:2    | Bought a potion of curing for 39 gold pieces
 26017 | Orc:2    | Bought a potion of cure mutation for 325 gold pieces
 26017 | Orc:2    | Bought a potion of resistance for 130 gold pieces
 26289 | Orc:1    | Paralysed by an orc sorcerer for 6 turns
 26784 | D:11     | Reached XP level 15. HP: 134/134 MP: 6/20
 26826 | D:11     | Found a flagged portal.
 26838 | Bailey   | Entered a bailey
 26841 | Bailey   | Received a gift from Trog
 28178 | D:12     | Received a gift from Trog
 28974 | D:12     | Found a runed door.
 29075 | D:12     | Paralysed by an orc sorcerer for 5 turns
 29768 | D:12     | Found a roughly hewn altar of Beogh.
 30063 | Swamp:1  | Entered Level 1 of the Swamp
 30551 | Swamp:1  | Identified the Compendium of Aid and Confrontation (You found it on level 1 of the Swamp)
 30600 | Swamp:1  | Received a gift from Trog
 30848 | Swamp:1  | Identified a scroll of acquirement
 32034 | Swamp:2  | Noticed Aizul
 32046 | Swamp:2  | Killed Aizul
 32793 | Swamp:2  | Noticed a thorn hunter
 32807 | Swamp:2  | Killed a thorn hunter
 33422 | Swamp:3  | Reached skill level 15 in Fighting
 33868 | Swamp:3  | Noticed a thorn hunter
 33881 | Swamp:3  | Killed a thorn hunter
 34420 | Swamp:4  | Entered Level 4 of the Swamp
 34507 | Swamp:4  | Reached XP level 16. HP: 143/149 MP: 7/21
 34883 | Swamp:4  | Reached skill level 10 in Dodging
 34913 | Swamp:4  | Noticed the 27-headed Lernaean hydra
 34932 | Swamp:3  | HP: 7/150 [the 26-headed Lernaean hydra (13)]
 34932 | Swamp:3  | HP: 3/150 [the 26-headed Lernaean hydra (4)]
 34933 | Swamp:3  | HP: 1/150 [the 26-headed Lernaean hydra (3)]
 34933 | Swamp:3  | Mangled by the 26-headed Lernaean hydra

Skill      XL: |  1  2  3  4  5  6  7  8  9 10 11 12 13 14 15 16 |
---------------+-------------------------------------------------+-----
Maces & Flails | 4 5 6 8 9 11 12 14 16 17 | 17.0
Armour         | 1 5 7 9 10 11 12 13 | 13.7
Shields        | 3 11 15 | 15.4
Fighting       | 5 9 11 12 15 | 15.6
Evocations     | 2 6 8 |  8.0
Dodging        | 6 7 9 10 | 10.0
Throwing       | |  2.0

Action                   |  1- 3 |  4- 6 |  7- 9 | 10-12 | 13-15 | 16-18 || total
-------------------------+-------+-------+-------+-------+-------+-------++-------
Melee: Flail             |    94 |   186 |   300 |   840 |   314 |       ||  1734
       Headbutt          |    11 |    34 |    44 |   193 |   505 |     9 ||   796
       Unarmed           |       |     3 |       |       |       |       ||     3
       Morningstar       |       |       |       |       |  1840 |    40 ||  1880
Throw: Throwing net      |       |     2 |     5 |     1 |     1 |     1 ||    10
       Tomahawk          |       |       |     1 |       |       |       ||     1
       Javelin           |       |       |       |       |     3 |       ||     3
Invok: Berserk           |       |       |     1 |     6 |     4 |       ||    11
       Trog's Hand       |       |       |       |     2 |     6 |       ||     8
       Brothers in Arms  |       |       |       |       |     1 |     1 ||     2
       Burn Spellbooks   |       |       |       |       |     1 |       ||     1
Evoke: Wand              |       |     4 |       |     7 |     1 |     1 ||    13
  Use: Scroll            |     1 |     7 |     2 |    10 |    22 |     2 ||    44
       Potion            |       |       |     1 |     3 |     8 |     2 ||    14
 Stab: Held in net/web   |       |       |     2 |       |       |       ||     2
  Eat: Chunk             |     1 |     9 |    15 |    29 |    51 |       ||   105
       Pizza             |       |       |       |     2 |     2 |     1 ||     5
       Beef jerky        |       |       |       |       |     1 |       ||     1
       Meat ration       |       |       |       |       |     1 |       ||     1
       Bread ration      |       |       |       |       |     1 |       ||     1
Armor: Ice dragon armour |    58 |    74 |   133 |   300 |   520 |       ||  1085
       Skin              |       |     2 |       |       |       |       ||     2
       Swamp dragon armo |       |       |       |       |    56 |    74 ||   130
Dodge: Dodged            |    54 |    75 |   113 |   287 |   641 |    60 ||  1230
Block: Buckler           |       |    10 |   102 |   260 |    56 |       ||   428
       Reflection        |       |       |     3 |       |    31 |       ||    34
       Shield            |       |       |       |       |  1666 |    68 ||  1734
